[ PARTIDA AOE2 · #463979473 ]
UnrankedEslavos vs Japanese
Equipo del jugador · DERR
[ ANÁLISIS DE REPETICIÓN · EXTRAÍDO DE LA PARTIDA GRABADA ]
Feudal
12:39
Castillos
23:18
Imperial
34:55
| APM promedio | 29.0 |
| APM pico | 70 |
| eAPM promedio | 20.8 |
| Aldeanos / militares | 144 / 292 |
Foco
⚔️ 34.9% · 🌾 65.1%
Militia ×240 · Mangonel ×31 · Battering Ram ×12 · Boyar ×8 · Monk ×1
Feudal
13:31
Castillos
20:33
Imperial
36:38
| APM promedio | 27.3 |
| APM pico | 70 |
| eAPM promedio | 24.8 |
| Aldeanos / militares | 216 / 575 |
Foco
⚔️ 53.8% · 🌾 46.2%
Spearman ×466 · Samurai ×98 · Trebuchet (Packed) ×8 · Monk ×3
Feudal
12:55
Castillos
20:25
Imperial
37:13
| APM promedio | 37.0 |
| APM pico | 102 |
| eAPM promedio | 22.7 |
| Aldeanos / militares | 146 / 299 |
Foco
⚔️ 40.8% · 🌾 59.2%
Knight ×205 · Scout Cavalry ×82 · Trade Cart ×46 · Fishing Ship ×14 · Demolition Raft ×5 · Trebuchet (Packed) ×5
Feudal
12:24
Castillos
19:38
Imperial
31:59
| APM promedio | 34.9 |
| APM pico | 120 |
| eAPM promedio | 22.3 |
| Aldeanos / militares | 107 / 284 |
Foco
⚔️ 22.4% · 🌾 77.6%
Spearman ×203 · Bombard Cannon ×38 · Hand Cannoneer ×35 · Trade Cart ×11 · Skirmisher ×7 · Monk ×1
Feudal
13:57
Castillos
17:44
Imperial
32:35
| APM promedio | 25.6 |
| APM pico | 51 |
| eAPM promedio | 18.1 |
| Aldeanos / militares | 150 / 162 |
Foco
⚔️ 28.1% · 🌾 71.9%
Scorpion ×84 · Mangonel ×36 · Spearman ×35 · Trade Cart ×24 · Trebuchet (Packed) ×6 · Monk ×1
Feudal
12:13
Castillos
15:07
Imperial
31:04
| APM promedio | 29.7 |
| APM pico | 73 |
| eAPM promedio | 18.7 |
| Aldeanos / militares | 142 / 241 |
Foco
⚔️ 23.9% · 🌾 76.1%
War Elephant ×217 · Trade Cart ×28 · Bombard Cannon ×20 · Trebuchet (Packed) ×3 · Monk ×1
Feudal
11:25
Castillos
15:45
Imperial
35:17
| APM promedio | 35.2 |
| APM pico | 75 |
| eAPM promedio | 23.3 |
| Aldeanos / militares | 129 / 30 |
Foco
⚔️ 44.7% · 🌾 55.3%
Unknown (2579) ×363 · Trade Cart ×58 · Fishing Ship ×23 · Trebuchet (Packed) ×13 · Battering Ram ×7 · Demolition Raft ×6
Feudal
12:59
Castillos
19:49
Imperial
28:28
| APM promedio | 21.7 |
| APM pico | 60 |
| eAPM promedio | 18.7 |
| Aldeanos / militares | 147 / 163 |
Foco
⚔️ 33.3% · 🌾 66.7%
Scout Cavalry ×95 · Knight ×36 · Mangonel ×29 · Trade Cart ×27 · Fishing Ship ×11 · Demolition Raft ×2
Mapa de la partida
Recursos iniciales + cada clic de construcción. Líneas = muros · curvas = relieve. ◆ oro · ⬟ piedra · ● bayas · ✦ reliquia · ◌ hueco del cierre
Tu base· ✓ Cerrada en 23:18 · 62t muro · 1 puerta(s)
Base de Muadib· ✓ Cerrada en 20:33 · 43t muro · 1 puerta(s)
Base de nuttingbucks· ✓ Cerrada en 20:25 · 80t muro · sin puerta
Base de laughingman· ✓ Cerrada en 19:38 · 24t muro · 2 puerta(s)
Base de Peperine Tea· ✓ Cerrada en 17:44 · 38t muro · sin puerta
Base de BSGA. Chinball Wizard· ✓ Cerrada en 15:07 · 3t muro · sin puerta
Base de CORP_JuanLan· ✓ Cerrada en 15:45 · 0t muro · sin puerta
Base de oogaboogawherdayat· ✓ Cerrada en 19:49 · 28t muro · sin puerta
Terreno inicial suavizado · ◌ = hueco del cierre detectado · pasá el cursor para detalles
Inputs por minuto
— BSGA. No M!cR0 - - Muadib
Build order — BSGA. No M!cR0
Primeras 150 de 526 acciones detectadas
| 0:00 | Crear | Villager (Male) |
| 0:00 | Crear | Villager (Male) |
| 0:02 | Construir | House |
| 0:03 | Construir | House |
| 0:15 | Crear | Villager (Male) |
| 0:16 | Crear | Villager (Male) |
| 0:29 | Construir | Palisade Wall |
| 0:31 | Construir | Palisade Wall |
| 0:48 | Investigar | Loom |
| 0:49 | Crear | Villager (Male) |
| 0:50 | Crear | Villager (Male) |
| 1:28 | Construir | Palisade Wall |
| 1:30 | Construir | Palisade Wall |
| 1:55 | Construir | Palisade Wall |
| 2:08 | Crear | Villager (Male) |
| 2:32 | Construir | Lumber Camp |
| 2:38 | Crear | Villager (Male) |
| 3:07 | Crear | Villager (Male) |
| 3:51 | Crear | Villager (Male) |
| 4:02 | Crear | Villager (Male) |
| 5:27 | Crear | Villager (Male) |
| 5:30 | Construir | Mill |
| 5:38 | Crear | Villager (Male) |
| 5:38 | Crear | Villager (Male) |
| 5:42 | Construir | House |
| 6:03 | Crear | Villager (Male) |
| 6:50 | Crear | Villager (Male) |
| 6:57 | Crear | Villager (Male) |
| 7:35 | Crear | Villager (Male) |
| 7:49 | Crear | Villager (Male) |
| 8:28 | Construir | House |
| 8:29 | Crear | Villager (Male) |
| 9:01 | Crear | Villager (Male) |
| 9:18 | Construir | House |
| 9:59 | Crear | Villager (Male) |
| 10:06 | Investigar | Feudal Age |
| 10:18 | Construir | Barracks |
| 10:33 | Crear | Villager (Male) |
| 10:54 | Crear | Villager (Male) |
| 11:01 | Construir | Mining Camp |
| 11:17 | Crear | Militia |
| 11:25 | Construir | House |
| 11:39 | Crear | Militia |
| 12:06 | Crear | Militia |
| 12:09 | Construir | House |
| 12:10 | Crear | Villager (Male) |
| 12:19 | Construir | Mill |
| 12:39 | Edad | Edad Feudal |
| 12:54 | Construir | Lumber Camp |
| 13:00 | Investigar | Man-at-Arms (upgrade) |
| 13:01 | Crear | Villager (Male) |
| 13:08 | Construir | Stone Wall |
| 13:19 | Crear | Villager (Male) |
| 13:31 | Crear | Militia |
| 13:43 | Construir | Watch Tower |
| 14:13 | Construir | Stone Wall |
| 14:16 | Crear | Villager (Male) |
| 14:39 | Construir | Stone Wall |
| 14:43 | Crear | Villager (Male) |
| 14:48 | Construir | Farm |
| 14:49 | Investigar | Horse Collar |
| 14:55 | Investigar | Double-Bit Axe |
| 14:59 | Construir | Farm |
| 15:01 | Construir | Farm |
| 15:16 | Construir | Farm |
| 15:36 | Crear | Villager (Male) |
| 15:36 | Crear | Villager (Male) |
| 15:45 | Construir | Stone Wall |
| 16:23 | Crear | Villager (Male) |
| 16:23 | Crear | Villager (Male) |
| 16:27 | Construir | Farm |
| 16:29 | Construir | Farm |
| 16:31 | Construir | Farm |
| 16:40 | Construir | Farm |
| 16:46 | Construir | Farm |
| 16:55 | Construir | Gate |
| 17:05 | Crear | Villager (Male) |
| 17:05 | Crear | Villager (Male) |
| 17:15 | Crear | Villager (Male) |
| 17:18 | Construir | Farm |
| 17:46 | Crear | Villager (Male) |
| 17:46 | Crear | Villager (Male) |
| 17:52 | Construir | Lumber Camp |
| 18:04 | Investigar | Wheelbarrow |
| 18:20 | Crear | Villager (Male) |
| 18:20 | Crear | Villager (Male) |
| 18:30 | Construir | Farm |
| 18:48 | Construir | House |
| 18:49 | Construir | House |
| 19:40 | Construir | Market |
| 19:46 | Construir | Blacksmith |
| 19:47 | Crear | Villager (Male) |
| 20:15 | Construir | Farm |
| 20:38 | Investigar | Castle Age |
| 20:48 | Construir | Stable |
| 20:49 | Crear | Villager (Male) |
| 20:58 | Investigar | Gold Mining |
| 21:24 | Construir | Barracks |
| 21:39 | Construir | Lumber Camp |
| 22:24 | Crear | Villager (Male) |
| 23:18 | Edad | Edad de los Castillos |
| 23:20 | Construir | Town Center |
| 23:27 | Construir | Town Center |
| 23:32 | Crear | Villager (Male) |
| 23:48 | Construir | Town Center |
| 23:52 | Crear | Villager (Male) |
| 24:07 | Construir | Monastery |
| 24:16 | Investigar | Bow Saw |
| 24:17 | Crear | Villager (Male) |
| 24:17 | Crear | Villager (Male) |
| 24:32 | Crear | Villager (Male) |
| 24:33 | Crear | Villager (Male) |
| 24:47 | Crear | Villager (Male) |
| 24:47 | Crear | Villager (Male) |
| 24:53 | Crear | Monk |
| 24:55 | Crear | Villager (Male) |
| 25:07 | Crear | Villager (Male) |
| 25:11 | Construir | Farm |
| 25:12 | Investigar | Heavy Plow |
| 25:20 | Construir | Farm |
| 25:20 | Construir | Farm |
| 25:21 | Crear | Villager (Male) |
| 25:22 | Crear | Villager (Male) |
| 25:30 | Construir | Farm |
| 25:33 | Construir | Farm |
| 25:34 | Crear | Villager (Male) |
| 25:43 | Construir | Mining Camp |
| 25:47 | Crear | Villager (Male) |
| 25:47 | Crear | Villager (Male) |
| 25:52 | Construir | Farm |
| 25:56 | Crear | Villager (Male) |
| 25:57 | Crear | Villager (Male) |
| 25:59 | Construir | Farm |
| 26:03 | Construir | Farm |
| 26:04 | Construir | Farm |
| 26:08 | Crear | Villager (Male) |
| 26:08 | Crear | Villager (Male) |
| 26:16 | Crear | Villager (Male) |
| 26:17 | Crear | Villager (Male) |
| 26:18 | Crear | Villager (Male) |
| 26:45 | Crear | Villager (Male) |
| 26:45 | Crear | Villager (Male) |
| 26:48 | Construir | Farm |
| 26:50 | Construir | Farm |
| 26:53 | Construir | Farm |
| 26:54 | Crear | Villager (Male) |
| 27:03 | Crear | Villager (Male) |
| 27:09 | Construir | Farm |
| 27:13 | Construir | Farm |
| 27:17 | Crear | Villager (Male) |
Build order — Muadib
Primeras 150 de 1010 acciones detectadas
| 0:02 | Crear | Villager (Male) ×4 |
| 0:02 | Crear | Villager (Male) ×4 |
| 0:04 | Construir | House |
| 0:06 | Construir | House |
| 0:47 | Investigar | Loom |
| 0:49 | Crear | Villager (Male) |
| 0:50 | Crear | Villager (Male) |
| 0:50 | Crear | Villager (Male) |
| 0:50 | Crear | Villager (Male) |
| 0:50 | Crear | Villager (Male) |
| 1:39 | Crear | Villager (Male) |
| 1:39 | Crear | Villager (Male) |
| 1:39 | Crear | Villager (Male) |
| 2:32 | Crear | Villager (Male) |
| 2:32 | Crear | Villager (Male) |
| 2:33 | Crear | Villager (Male) |
| 2:33 | Crear | Villager (Male) |
| 2:53 | Construir | Palisade Wall |
| 3:41 | Construir | House |
| 3:58 | Construir | House |
| 3:58 | Crear | Villager (Male) |
| 3:59 | Crear | Villager (Male) |
| 3:59 | Crear | Villager (Male) |
| 3:59 | Crear | Villager (Male) |
| 3:59 | Crear | Villager (Male) |
| 4:08 | Construir | House |
| 4:19 | Crear | Villager (Male) |
| 4:19 | Crear | Villager (Male) |
| 4:19 | Crear | Villager (Male) |
| 4:43 | Construir | House |
| 4:54 | Crear | Villager (Male) |
| 4:54 | Crear | Villager (Male) |
| 4:54 | Crear | Villager (Male) |
| 4:54 | Crear | Villager (Male) |
| 4:54 | Crear | Villager (Male) |
| 5:05 | Construir | House |
| 5:15 | Crear | Villager (Male) |
| 5:15 | Crear | Villager (Male) |
| 5:15 | Crear | Villager (Male) |
| 5:37 | Construir | Lumber Camp |
| 5:47 | Construir | House |
| 5:49 | Crear | Villager (Male) |
| 5:49 | Crear | Villager (Male) |
| 6:31 | Crear | Villager (Male) |
| 6:31 | Crear | Villager (Male) |
| 6:31 | Crear | Villager (Male) |
| 6:32 | Crear | Villager (Male) |
| 6:57 | Crear | Villager (Male) |
| 7:17 | Crear | Villager (Male) |
| 7:17 | Crear | Villager (Male) |
| 8:38 | Construir | Palisade Wall |
| 9:07 | Crear | Villager (Male) |
| 9:07 | Crear | Villager (Male) |
| 9:34 | Construir | House |
| 9:36 | Crear | Villager (Male) |
| 9:36 | Crear | Villager (Male) |
| 9:58 | Construir | Mill |
| 10:05 | Construir | House |
| 10:08 | Construir | House |
| 10:27 | Construir | Lumber Camp |
| 10:46 | Construir | House |
| 10:56 | Crear | Villager (Male) |
| 10:57 | Crear | Villager (Male) |
| 10:57 | Crear | Villager (Male) |
| 11:09 | Investigar | Feudal Age |
| 11:29 | Construir | Mining Camp |
| 11:43 | Construir | House |
| 12:20 | Construir | Farm |
| 12:33 | Construir | House |
| 12:35 | Construir | House |
| 13:29 | Construir | House |
| 13:31 | Edad | Edad Feudal |
| 13:41 | Construir | Watch Tower |
| 14:06 | Crear | Villager (Male) |
| 14:07 | Crear | Villager (Male) |
| 14:38 | Construir | Mill |
| 14:47 | Crear | Villager (Male) |
| 15:04 | Construir | Market |
| 15:23 | Crear | Villager (Male) |
| 15:34 | Construir | Mill |
| 16:01 | Crear | Villager (Male) |
| 16:07 | Construir | Stone Wall |
| 16:28 | Crear | Villager (Male) |
| 16:30 | Crear | Villager (Male) |
| 16:31 | Crear | Villager (Male) |
| 16:47 | Construir | Blacksmith |
| 17:51 | Construir | Farm |
| 17:53 | Investigar | Castle Age |
| 18:43 | Construir | Gate |
| 18:58 | Investigar | Double-Bit Axe |
| 19:09 | Investigar | Horse Collar |
| 19:14 | Construir | Farm |
| 19:14 | Construir | Farm |
| 19:14 | Construir | Farm |
| 19:15 | Construir | Farm |
| 19:26 | Crear | Villager (Male) |
| 20:33 | Edad | Edad de los Castillos |
| 20:36 | Crear | Villager (Male) |
| 20:59 | Construir | Town Center |
| 21:14 | Investigar | Bow Saw |
| 21:15 | Crear | Villager (Male) |
| 21:44 | Construir | Town Center |
| 21:51 | Crear | Villager (Male) |
| 21:51 | Crear | Villager (Male) |
| 22:08 | Crear | Villager (Male) |
| 22:18 | Crear | Villager (Male) |
| 22:18 | Crear | Villager (Male) |
| 22:22 | Crear | Villager (Male) |
| 22:22 | Crear | Villager (Male) |
| 22:31 | Investigar | Heavy Plow |
| 22:32 | Crear | Villager (Male) |
| 22:34 | Crear | Villager (Male) |
| 22:40 | Construir | Farm |
| 22:42 | Construir | Farm |
| 22:43 | Construir | Farm |
| 22:46 | Construir | Farm |
| 22:51 | Construir | Farm |
| 22:59 | Construir | Farm |
| 23:00 | Construir | Farm |
| 23:02 | Construir | Farm |
| 23:03 | Crear | Villager (Male) |
| 23:04 | Crear | Villager (Male) |
| 23:16 | Crear | Villager (Male) |
| 23:17 | Crear | Villager (Male) |
| 23:17 | Crear | Villager (Male) |
| 23:26 | Construir | Farm |
| 23:26 | Construir | Farm |
| 23:27 | Construir | Farm |
| 23:28 | Construir | Farm |
| 23:40 | Crear | Villager (Male) |
| 23:40 | Crear | Villager (Male) |
| 23:40 | Crear | Villager (Male) |
| 23:50 | Construir | Farm |
| 23:55 | Construir | Farm |
| 23:59 | Crear | Villager (Male) |
| 23:59 | Crear | Villager (Male) |
| 23:59 | Crear | Villager (Male) |
| 23:59 | Crear | Villager (Male) |
| 24:02 | Crear | Villager (Male) |
| 24:02 | Crear | Villager (Male) |
| 24:02 | Crear | Villager (Male) |
| 24:02 | Crear | Villager (Male) |
| 24:12 | Crear | Villager (Male) |
| 24:12 | Crear | Villager (Male) |
| 24:12 | Crear | Villager (Male) |
| 24:23 | Construir | Monastery |
| 24:28 | Crear | Villager (Male) |
| 24:28 | Crear | Villager (Male) |
| 24:45 | Crear | Villager (Male) |
| 24:45 | Crear | Villager (Male) |
Build order — nuttingbucks
Primeras 150 de 698 acciones detectadas
| 0:00 | Investigar | Loom |
| 0:03 | Construir | House |
| 0:04 | Construir | House |
| 0:24 | Crear | Villager (Male) |
| 0:24 | Crear | Villager (Male) |
| 0:34 | Crear | Villager (Male) |
| 1:02 | Construir | Palisade Wall |
| 1:09 | Crear | Villager (Male) |
| 1:09 | Crear | Villager (Male) |
| 1:25 | Construir | Palisade Wall |
| 1:56 | Crear | Villager (Male) |
| 1:57 | Crear | Villager (Male) |
| 2:06 | Construir | Palisade Wall |
| 3:07 | Crear | Villager (Male) |
| 3:07 | Crear | Villager (Male) |
| 3:13 | Construir | Palisade Wall |
| 3:18 | Crear | Villager (Male) |
| 3:39 | Construir | Palisade Wall |
| 3:42 | Crear | Villager (Male) |
| 3:42 | Crear | Villager (Male) |
| 4:26 | Crear | Villager (Male) |
| 4:31 | Construir | House |
| 5:00 | Construir | Palisade Wall |
| 5:08 | Crear | Villager (Male) |
| 5:08 | Crear | Villager (Male) |
| 5:36 | Construir | Lumber Camp |
| 5:45 | Crear | Villager (Male) |
| 5:45 | Crear | Villager (Male) |
| 6:14 | Crear | Villager (Male) |
| 6:55 | Construir | House |
| 7:23 | Crear | Villager (Male) |
| 7:23 | Crear | Villager (Male) |
| 7:27 | Construir | House |
| 7:52 | Crear | Villager (Male) |
| 7:52 | Crear | Villager (Male) |
| 8:03 | Construir | House |
| 8:40 | Construir | Mill |
| 8:52 | Crear | Villager (Male) |
| 8:52 | Crear | Villager (Male) |
| 9:01 | Construir | House |
| 9:04 | Crear | Villager (Male) |
| 9:24 | Construir | Mill |
| 9:40 | Construir | House |
| 9:46 | Crear | Villager (Male) |
| 10:26 | Construir | House |
| 10:45 | Investigar | Feudal Age |
| 10:45 | Investigar | Feudal Age |
| 11:00 | Construir | Mining Camp |
| 11:46 | Construir | Mill |
| 12:55 | Edad | Edad Feudal |
| 13:01 | Construir | Palisade Wall |
| 13:03 | Crear | Villager (Male) |
| 13:05 | Crear | Villager (Male) |
| 13:25 | Construir | Market |
| 13:40 | Construir | House |
| 13:43 | Crear | Villager (Male) |
| 13:55 | Crear | Villager (Male) |
| 13:59 | Crear | Villager (Male) |
| 14:03 | Construir | Farm |
| 14:04 | Construir | Farm |
| 14:07 | Construir | Farm |
| 14:11 | Construir | Farm |
| 14:12 | Crear | Villager (Male) |
| 14:25 | Construir | Blacksmith |
| 14:28 | Crear | Villager (Male) |
| 14:35 | Construir | Farm |
| 14:38 | Investigar | Horse Collar |
| 14:40 | Construir | Farm |
| 14:57 | Investigar | Double-Bit Axe |
| 15:02 | Construir | Farm |
| 15:07 | Crear | Villager (Male) |
| 15:20 | Construir | Farm |
| 15:28 | Construir | House |
| 15:30 | Construir | House |
| 15:58 | Crear | Villager (Male) |
| 16:08 | Construir | Farm |
| 16:11 | Construir | Farm |
| 16:28 | Construir | Lumber Camp |
| 16:38 | Construir | House |
| 16:47 | Construir | Farm |
| 17:00 | Construir | Farm |
| 17:13 | Construir | House |
| 17:14 | Crear | Villager (Male) |
| 17:28 | Construir | Farm |
| 17:35 | Construir | Farm |
| 17:42 | Construir | Farm |
| 17:45 | Construir | Farm |
| 17:45 | Investigar | Castle Age |
| 17:45 | Investigar | Castle Age |
| 17:49 | Construir | House |
| 18:27 | Construir | Mining Camp |
| 19:02 | Construir | Farm |
| 19:03 | Construir | Farm |
| 19:04 | Construir | Farm |
| 19:17 | Construir | Stone Wall |
| 19:38 | Construir | Stone Wall |
| 19:54 | Crear | Villager (Male) |
| 19:54 | Crear | Villager (Male) |
| 19:56 | Investigar | Wheelbarrow |
| 19:57 | Crear | Villager (Male) |
| 19:58 | Crear | Villager (Male) |
| 20:25 | Edad | Edad de los Castillos |
| 20:27 | Construir | Town Center |
| 20:31 | Investigar | Bow Saw |
| 20:34 | Crear | Villager (Male) |
| 21:13 | Construir | Dock |
| 21:17 | Crear | Villager (Male) |
| 21:23 | Crear | Villager (Male) |
| 21:39 | Construir | Outpost |
| 21:43 | Crear | Villager (Male) |
| 21:46 | Investigar | Heavy Plow |
| 21:57 | Crear | Demolition Raft |
| 21:57 | Crear | Demolition Raft |
| 22:03 | Crear | Fishing Ship |
| 22:04 | Crear | Fishing Ship |
| 22:15 | Construir | Stone Wall |
| 22:16 | Crear | Villager (Male) |
| 22:28 | Crear | Villager (Male) |
| 22:28 | Crear | Villager (Male) |
| 22:28 | Crear | Villager (Male) |
| 22:40 | Construir | Monastery |
| 22:59 | Crear | Villager (Male) |
| 23:03 | Crear | Villager (Male) |
| 23:05 | Crear | Demolition Raft |
| 23:34 | Construir | Town Center |
| 23:41 | Crear | Monk |
| 23:48 | Construir | Farm |
| 23:50 | Construir | Farm |
| 23:58 | Construir | Farm |
| 24:00 | Crear | Villager (Male) |
| 24:00 | Crear | Villager (Male) |
| 24:32 | Construir | Farm |
| 25:01 | Construir | Farm |
| 25:04 | Construir | Farm |
| 25:05 | Crear | Villager (Male) |
| 25:05 | Crear | Villager (Male) |
| 25:06 | Crear | Villager (Male) |
| 25:07 | Crear | Villager (Male) |
| 25:07 | Crear | Villager (Male) |
| 25:07 | Crear | Villager (Male) |
| 25:12 | Crear | Villager (Male) |
| 25:12 | Crear | Villager (Male) |
| 25:21 | Crear | Demolition Raft |
| 25:21 | Crear | Demolition Raft |
| 25:24 | Crear | Fishing Ship |
| 25:25 | Crear | Fishing Ship |
| 25:35 | Crear | Fishing Ship |
| 25:35 | Crear | Fishing Ship |
| 25:35 | Crear | Fishing Ship |
| 25:36 | Crear | Fishing Ship |
Build order — laughingman
Primeras 150 de 354 acciones detectadas
| 0:01 | Crear | Villager (Male) |
| 0:02 | Construir | House |
| 0:04 | Construir | House |
| 0:09 | Investigar | Loom |
| 0:09 | Crear | Villager (Male) |
| 0:09 | Crear | Villager (Male) |
| 0:10 | Crear | Villager (Male) |
| 0:10 | Crear | Villager (Male) |
| 1:00 | Construir | Palisade Wall |
| 1:55 | Construir | Palisade Wall |
| 2:13 | Construir | Lumber Camp |
| 2:15 | Crear | Villager (Male) |
| 2:15 | Crear | Villager (Male) |
| 3:01 | Crear | Villager (Male) |
| 3:39 | Crear | Villager (Male) |
| 3:39 | Crear | Villager (Male) |
| 4:08 | Crear | Villager (Male) |
| 4:36 | Construir | House |
| 4:41 | Construir | Mill |
| 4:47 | Crear | Villager (Male) |
| 5:16 | Crear | Villager (Male) |
| 5:40 | Crear | Villager (Male) |
| 5:40 | Crear | Villager (Male) |
| 5:40 | Crear | Villager (Male) |
| 6:14 | Crear | Villager (Male) |
| 6:14 | Crear | Villager (Male) |
| 6:41 | Crear | Villager (Male) |
| 7:19 | Construir | Lumber Camp |
| 7:21 | Crear | Villager (Male) |
| 7:21 | Crear | Villager (Male) |
| 7:47 | Construir | House |
| 8:02 | Crear | Villager (Male) |
| 8:40 | Construir | Mining Camp |
| 8:44 | Crear | Villager (Male) |
| 9:00 | Construir | Barracks |
| 9:39 | Crear | Villager (Male) |
| 10:14 | Investigar | Feudal Age |
| 10:50 | Construir | Palisade Gate |
| 12:24 | Edad | Edad Feudal |
| 12:35 | Construir | Stone Wall |
| 12:59 | Crear | Spearman |
| 13:01 | Crear | Villager (Male) |
| 13:01 | Crear | Villager (Male) |
| 13:04 | Construir | House |
| 13:20 | Construir | Mill |
| 13:35 | Investigar | Double-Bit Axe |
| 13:35 | Investigar | Double-Bit Axe |
| 13:36 | Investigar | Horse Collar |
| 13:48 | Construir | Mill |
| 14:01 | Crear | Villager (Male) |
| 14:02 | Crear | Villager (Male) |
| 14:19 | Construir | Market |
| 14:23 | Crear | Villager (Male) |
| 14:49 | Construir | Blacksmith |
| 14:55 | Construir | Mining Camp |
| 15:30 | Construir | Farm |
| 15:30 | Construir | Farm |
| 15:30 | Construir | Farm |
| 15:30 | Construir | Farm |
| 15:31 | Construir | Farm |
| 15:31 | Construir | Farm |
| 15:33 | Investigar | Horse Collar |
| 16:18 | Construir | Farm |
| 16:20 | Crear | Villager (Male) |
| 16:58 | Investigar | Castle Age |
| 16:58 | Investigar | Castle Age |
| 17:43 | Construir | Gate |
| 17:49 | Construir | Stone Wall |
| 17:52 | Construir | Stone Wall |
| 18:10 | Investigar | Scale Mail Armor |
| 18:12 | Crear | Spearman |
| 18:31 | Construir | Mining Camp |
| 18:54 | Construir | Outpost |
| 18:55 | Construir | Outpost |
| 18:58 | Construir | Outpost |
| 19:16 | Crear | Villager (Male) |
| 19:16 | Crear | Villager (Male) |
| 19:31 | Construir | House |
| 19:38 | Edad | Edad de los Castillos |
| 19:46 | Construir | Town Center |
| 19:52 | Construir | Monastery |
| 20:02 | Investigar | Bow Saw |
| 20:03 | Investigar | Heavy Plow |
| 20:07 | Investigar | Wheelbarrow |
| 20:12 | Crear | Villager (Male) |
| 20:12 | Crear | Villager (Male) |
| 20:34 | Construir | Town Center |
| 20:51 | Construir | Farm |
| 20:51 | Crear | Villager (Male) |
| 21:26 | Construir | Farm |
| 21:26 | Crear | Villager (Male) |
| 21:34 | Investigar | Pikeman (upgrade) |
| 21:45 | Crear | Monk |
| 21:49 | Construir | Farm |
| 21:50 | Crear | Villager (Male) |
| 21:58 | Crear | Villager (Male) |
| 21:58 | Crear | Villager (Male) |
| 21:58 | Crear | Villager (Male) |
| 22:14 | Construir | University |
| 22:22 | Construir | Farm |
| 22:35 | Crear | Villager (Male) |
| 22:35 | Crear | Villager (Male) |
| 22:35 | Crear | Villager (Male) |
| 22:41 | Crear | Villager (Male) |
| 22:43 | Construir | Farm |
| 22:56 | Crear | Villager (Male) |
| 22:56 | Crear | Villager (Male) |
| 23:27 | Construir | Farm |
| 23:32 | Construir | Farm |
| 23:37 | Construir | Farm |
| 23:39 | Crear | Villager (Male) |
| 23:39 | Crear | Villager (Male) |
| 23:39 | Crear | Villager (Male) |
| 23:50 | Construir | Farm |
| 23:53 | Construir | Farm |
| 23:55 | Crear | Villager (Male) |
| 23:55 | Crear | Villager (Male) |
| 23:56 | Crear | Villager (Male) |
| 24:00 | Construir | Farm |
| 24:21 | Construir | House |
| 24:27 | Construir | Lumber Camp |
| 24:38 | Construir | Farm |
| 24:45 | Investigar | Wheelbarrow |
| 25:07 | Construir | Archery Range |
| 25:19 | Crear | Villager (Male) |
| 25:19 | Crear | Villager (Male) |
| 25:19 | Crear | Villager (Male) |
| 25:33 | Construir | Outpost |
| 25:42 | Crear | Villager (Male) |
| 25:42 | Crear | Villager (Male) |
| 25:43 | Crear | Villager (Male) |
| 25:44 | Construir | Farm |
| 25:51 | Construir | Farm |
| 26:07 | Construir | House |
| 26:09 | Construir | House |
| 26:12 | Construir | House |
| 26:13 | Construir | House |
| 26:18 | Construir | Farm |
| 26:45 | Construir | Farm |
| 26:48 | Investigar | Caravan |
| 26:48 | Crear | Trade Cart |
| 26:48 | Crear | Trade Cart |
| 26:49 | Crear | Trade Cart |
| 26:59 | Crear | Villager (Male) |
| 26:59 | Crear | Villager (Male) |
| 27:00 | Investigar | Town Watch |
| 27:00 | Investigar | Town Watch |
| 27:03 | Investigar | Fortified Wall (upgrade) |
| 27:03 | Investigar | Fortified Wall (upgrade) |
| 27:19 | Construir | Farm |
Build order — Peperine Tea
Primeras 150 de 496 acciones detectadas
| 0:02 | Crear | Villager (Male) |
| 0:06 | Investigar | Loom |
| 0:07 | Crear | Villager (Male) |
| 0:07 | Crear | Villager (Male) |
| 0:10 | Construir | House |
| 0:17 | Construir | Palisade Wall |
| 0:32 | Crear | Villager (Male) |
| 0:32 | Crear | Villager (Male) |
| 1:52 | Construir | House |
| 1:56 | Construir | House |
| 2:12 | Crear | Villager (Male) |
| 2:12 | Crear | Villager (Male) |
| 2:24 | Construir | Palisade Wall |
| 2:27 | Construir | Palisade Wall |
| 2:32 | Construir | Palisade Wall |
| 3:08 | Crear | Villager (Male) |
| 3:08 | Crear | Villager (Male) |
| 3:50 | Crear | Villager (Male) |
| 3:50 | Crear | Villager (Male) |
| 4:00 | Crear | Villager (Male) |
| 4:01 | Crear | Villager (Male) |
| 4:32 | Crear | Villager (Male) |
| 4:33 | Crear | Villager (Male) |
| 5:15 | Crear | Villager (Male) |
| 5:15 | Crear | Villager (Male) |
| 5:16 | Crear | Villager (Male) |
| 5:38 | Construir | Lumber Camp |
| 5:39 | Crear | Villager (Male) |
| 5:40 | Crear | Villager (Male) |
| 5:56 | Crear | Villager (Male) |
| 5:56 | Crear | Villager (Male) |
| 6:21 | Crear | Villager (Male) |
| 6:21 | Crear | Villager (Male) |
| 6:34 | Construir | House |
| 6:39 | Construir | Mill |
| 6:43 | Crear | Villager (Male) |
| 6:44 | Crear | Villager (Male) |
| 7:16 | Crear | Villager (Male) |
| 7:33 | Crear | Villager (Male) |
| 8:19 | Crear | Villager (Male) |
| 8:19 | Crear | Villager (Male) |
| 8:26 | Construir | House |
| 9:08 | Crear | Villager (Male) |
| 9:16 | Construir | Mining Camp |
| 9:24 | Crear | Villager (Male) |
| 9:26 | Crear | Villager (Male) |
| 9:30 | Construir | House |
| 9:41 | Crear | Villager (Male) |
| 9:41 | Crear | Villager (Male) |
| 11:15 | Crear | Villager (Male) |
| 11:16 | Investigar | Feudal Age |
| 11:35 | Construir | Mill |
| 11:47 | Investigar | Feudal Age |
| 11:48 | Investigar | Feudal Age |
| 13:57 | Edad | Edad Feudal |
| 14:02 | Construir | Market |
| 14:05 | Construir | Blacksmith |
| 14:07 | Crear | Villager (Male) |
| 14:32 | Construir | Stone Wall |
| 14:39 | Crear | Villager (Male) |
| 14:39 | Crear | Villager (Male) |
| 14:58 | Investigar | Castle Age |
| 15:45 | Crear | Trade Cart |
| 15:49 | Investigar | Double-Bit Axe |
| 16:37 | Construir | Stone Wall |
| 16:49 | Construir | Mining Camp |
| 17:00 | Construir | Watch Tower |
| 17:12 | Construir | Farm |
| 17:13 | Construir | Farm |
| 17:15 | Construir | Farm |
| 17:17 | Investigar | Horse Collar |
| 17:24 | Construir | Farm |
| 17:25 | Construir | Farm |
| 17:27 | Construir | Farm |
| 17:28 | Construir | Farm |
| 17:32 | Construir | Farm |
| 17:39 | Investigar | Fletching |
| 17:44 | Edad | Edad de los Castillos |
| 17:46 | Crear | Villager (Male) |
| 17:46 | Crear | Villager (Male) |
| 17:52 | Construir | Farm |
| 17:54 | Construir | Farm |
| 18:12 | Construir | Farm |
| 18:14 | Construir | Farm |
| 18:16 | Construir | Farm |
| 18:20 | Crear | Villager (Male) |
| 18:20 | Crear | Villager (Male) |
| 18:50 | Crear | Villager (Male) |
| 19:30 | Investigar | Bow Saw |
| 19:31 | Investigar | Gold Mining |
| 19:36 | Crear | Villager (Male) |
| 20:07 | Construir | Town Center |
| 20:16 | Crear | Villager (Male) |
| 20:24 | Investigar | Heavy Plow |
| 20:38 | Crear | Villager (Male) |
| 21:02 | Crear | Villager (Male) |
| 21:27 | Construir | Stone Wall |
| 21:28 | Construir | Stone Wall |
| 21:31 | Crear | Villager (Male) |
| 21:38 | Construir | Town Center |
| 21:40 | Crear | Villager (Male) |
| 21:49 | Construir | House |
| 21:50 | Construir | House |
| 21:52 | Construir | House |
| 21:54 | Construir | House |
| 21:56 | Construir | House |
| 22:00 | Crear | Villager (Male) |
| 22:00 | Crear | Villager (Male) |
| 22:03 | Investigar | Wheelbarrow |
| 22:28 | Construir | Farm |
| 22:32 | Construir | Farm |
| 22:33 | Construir | Farm |
| 22:35 | Crear | Villager (Male) |
| 22:36 | Crear | Villager (Male) |
| 23:21 | Crear | Villager (Male) |
| 23:26 | Crear | Villager (Male) |
| 23:26 | Crear | Villager (Male) |
| 23:31 | Crear | Villager (Male) |
| 23:31 | Crear | Villager (Male) |
| 23:31 | Crear | Villager (Male) |
| 23:51 | Crear | Villager (Male) |
| 23:51 | Crear | Villager (Male) |
| 23:52 | Crear | Villager (Male) |
| 23:56 | Construir | Farm |
| 23:57 | Construir | Farm |
| 23:59 | Construir | Farm |
| 23:59 | Construir | Farm |
| 24:03 | Crear | Villager (Male) |
| 24:10 | Construir | Farm |
| 24:15 | Crear | Trade Cart |
| 24:24 | Construir | Market |
| 24:37 | Crear | Villager (Male) |
| 24:37 | Crear | Villager (Male) |
| 24:37 | Crear | Villager (Male) |
| 24:42 | Construir | Farm |
| 24:43 | Construir | Farm |
| 24:46 | Construir | Farm |
| 24:48 | Crear | Villager (Male) |
| 24:49 | Crear | Villager (Male) |
| 25:00 | Construir | Town Center |
| 25:05 | Crear | Villager (Male) |
| 25:06 | Crear | Villager (Male) |
| 25:06 | Crear | Villager (Male) |
| 25:17 | Construir | Outpost |
| 25:20 | Construir | Outpost |
| 25:23 | Construir | Outpost |
| 25:25 | Construir | Outpost |
| 25:27 | Construir | Outpost |
| 25:38 | Crear | Trade Cart |
| 25:38 | Crear | Trade Cart |
Build order — BSGA. Chinball Wizard
Primeras 150 de 395 acciones detectadas
| 0:00 | Crear | Villager (Male) |
| 0:00 | Crear | Villager (Male) |
| 0:00 | Crear | Villager (Male) |
| 0:02 | Construir | House |
| 0:03 | Construir | House |
| 0:09 | Crear | Villager (Male) |
| 0:28 | Crear | Villager (Male) |
| 1:33 | Crear | Villager (Male) |
| 2:11 | Construir | Lumber Camp |
| 2:14 | Crear | Villager (Male) |
| 2:19 | Crear | Villager (Male) |
| 3:48 | Crear | Villager (Male) |
| 3:48 | Crear | Villager (Male) |
| 3:57 | Construir | House |
| 4:31 | Investigar | Loom |
| 4:33 | Crear | Villager (Male) |
| 4:45 | Crear | Villager (Male) |
| 5:07 | Construir | House |
| 5:29 | Crear | Villager (Male) |
| 5:50 | Crear | Villager (Male) |
| 6:09 | Construir | Palisade Wall |
| 6:15 | Construir | Palisade Wall |
| 6:20 | Construir | Palisade Wall |
| 6:31 | Crear | Villager (Male) |
| 6:31 | Crear | Villager (Male) |
| 7:02 | Crear | Villager (Male) |
| 7:03 | Crear | Villager (Male) |
| 7:08 | Crear | Villager (Male) |
| 7:14 | Construir | Mill |
| 7:17 | Crear | Villager (Male) |
| 7:51 | Construir | House |
| 8:33 | Crear | Villager (Male) |
| 8:38 | Construir | Mill |
| 8:47 | Crear | Villager (Male) |
| 8:51 | Construir | Mining Camp |
| 9:42 | Crear | Villager (Male) |
| 9:49 | Crear | Villager (Male) |
| 9:53 | Construir | House |
| 9:59 | Investigar | Feudal Age |
| 11:45 | Crear | Villager (Male) |
| 11:57 | Construir | Farm |
| 11:57 | Construir | Farm |
| 11:58 | Construir | Farm |
| 12:13 | Edad | Edad Feudal |
| 12:15 | Construir | Market |
| 12:19 | Construir | Blacksmith |
| 12:41 | Investigar | Castle Age |
| 12:41 | Investigar | Castle Age |
| 12:47 | Investigar | Double-Bit Axe |
| 13:04 | Investigar | Horse Collar |
| 13:27 | Construir | Farm |
| 13:52 | Investigar | Gold Mining |
| 13:55 | Investigar | Wheelbarrow |
| 14:54 | Construir | Farm |
| 14:54 | Construir | Farm |
| 15:07 | Edad | Edad de los Castillos |
| 15:12 | Construir | Town Center |
| 15:14 | Investigar | Bow Saw |
| 15:50 | Construir | Town Center |
| 15:57 | Crear | Villager (Male) |
| 16:08 | Crear | Villager (Male) |
| 16:08 | Crear | Villager (Male) |
| 16:13 | Crear | Villager (Male) |
| 16:36 | Crear | Villager (Male) |
| 16:39 | Construir | Farm |
| 16:40 | Crear | Villager (Male) |
| 16:51 | Crear | Villager (Male) |
| 16:55 | Crear | Villager (Male) |
| 16:58 | Construir | Farm |
| 17:13 | Crear | Villager (Male) |
| 17:13 | Crear | Villager (Male) |
| 17:21 | Construir | Farm |
| 17:31 | Construir | Farm |
| 17:32 | Construir | Farm |
| 17:33 | Construir | Farm |
| 17:35 | Crear | Villager (Male) |
| 17:35 | Crear | Villager (Male) |
| 17:41 | Construir | Farm |
| 17:44 | Crear | Villager (Male) |
| 17:52 | Crear | Villager (Male) |
| 18:02 | Crear | Villager (Male) |
| 18:07 | Construir | Farm |
| 18:16 | Crear | Villager (Male) |
| 18:21 | Crear | Villager (Male) |
| 18:29 | Construir | Farm |
| 18:30 | Crear | Villager (Male) |
| 18:30 | Crear | Villager (Male) |
| 18:32 | Construir | Farm |
| 18:36 | Construir | House |
| 18:39 | Construir | House |
| 18:40 | Construir | House |
| 18:41 | Construir | House |
| 18:43 | Crear | Villager (Male) |
| 18:50 | Crear | Villager (Male) |
| 18:58 | Construir | Farm |
| 19:01 | Crear | Villager (Male) |
| 19:05 | Construir | Farm |
| 19:12 | Construir | Monastery |
| 19:15 | Crear | Villager (Male) |
| 19:16 | Crear | Villager (Male) |
| 19:25 | Construir | Farm |
| 19:27 | Crear | Villager (Male) |
| 19:44 | Construir | Town Center |
| 19:49 | Construir | Farm |
| 19:52 | Crear | Monk |
| 19:53 | Crear | Villager (Male) |
| 19:54 | Crear | Villager (Male) |
| 19:55 | Crear | Villager (Male) |
| 20:01 | Construir | House |
| 20:03 | Construir | House |
| 20:04 | Construir | House |
| 20:05 | Construir | House |
| 20:06 | Construir | House |
| 20:09 | Construir | Farm |
| 20:10 | Crear | Villager (Male) |
| 20:11 | Crear | Villager (Male) |
| 20:18 | Crear | Villager (Male) |
| 20:18 | Crear | Villager (Male) |
| 20:19 | Crear | Villager (Male) |
| 20:21 | Crear | Villager (Male) |
| 20:23 | Construir | Farm |
| 20:34 | Construir | Farm |
| 20:35 | Crear | Villager (Male) |
| 21:09 | Construir | Farm |
| 21:11 | Construir | Farm |
| 21:12 | Construir | Farm |
| 21:15 | Construir | Farm |
| 21:15 | Crear | Villager (Male) |
| 21:17 | Crear | Villager (Male) |
| 21:17 | Crear | Villager (Male) |
| 21:22 | Crear | Villager (Male) |
| 21:26 | Crear | Villager (Male) |
| 21:27 | Crear | Villager (Male) |
| 21:51 | Construir | Farm |
| 21:53 | Construir | Farm |
| 21:54 | Construir | Farm |
| 21:55 | Crear | Villager (Male) |
| 21:56 | Crear | Villager (Male) |
| 21:57 | Crear | Villager (Male) |
| 21:57 | Crear | Villager (Male) |
| 21:58 | Crear | Villager (Male) |
| 21:59 | Crear | Villager (Male) |
| 22:00 | Crear | Villager (Male) |
| 22:02 | Construir | Farm |
| 22:04 | Crear | Villager (Male) |
| 22:05 | Crear | Villager (Male) |
| 22:10 | Crear | Villager (Male) |
| 22:14 | Construir | Farm |
| 22:17 | Crear | Villager (Male) |
| 22:29 | Construir | Farm |
Build order — CORP_JuanLan
Primeras 150 de 738 acciones detectadas
| 0:02 | Crear | Villager (Male) |
| 0:03 | Crear | Villager (Male) |
| 0:05 | Construir | House |
| 0:07 | Construir | House |
| 0:27 | Crear | Villager (Male) |
| 0:27 | Crear | Villager (Male) |
| 0:28 | Crear | Villager (Male) |
| 1:17 | Crear | Villager (Male) |
| 1:18 | Crear | Villager (Male) |
| 1:40 | Crear | Villager (Male) |
| 1:40 | Crear | Villager (Male) |
| 1:46 | Construir | Settlement |
| 2:03 | Crear | Villager (Male) |
| 2:03 | Crear | Villager (Male) |
| 2:24 | Crear | Villager (Male) |
| 2:24 | Crear | Villager (Male) |
| 3:03 | Crear | Villager (Male) |
| 3:03 | Crear | Villager (Male) |
| 3:37 | Crear | Villager (Male) |
| 3:37 | Crear | Villager (Male) |
| 3:56 | Crear | Villager (Male) |
| 3:56 | Crear | Villager (Male) |
| 4:24 | Construir | Dock |
| 4:28 | Crear | Villager (Male) |
| 4:28 | Crear | Villager (Male) |
| 4:44 | Crear | Villager (Male) |
| 4:44 | Crear | Villager (Male) |
| 5:21 | Crear | Villager (Male) |
| 5:34 | Crear | Fishing Ship |
| 5:35 | Crear | Fishing Ship |
| 5:35 | Crear | Fishing Ship |
| 5:51 | Crear | Villager (Male) |
| 5:52 | Crear | Villager (Male) |
| 6:00 | Crear | Fishing Ship |
| 6:08 | Crear | Villager (Male) |
| 6:08 | Crear | Villager (Male) |
| 6:20 | Crear | Villager (Male) |
| 6:22 | Construir | House |
| 6:27 | Construir | House |
| 6:33 | Investigar | Loom |
| 6:33 | Crear | Villager (Male) |
| 7:04 | Crear | Villager (Male) |
| 7:28 | Construir | Settlement |
| 7:32 | Crear | Villager (Male) |
| 8:02 | Construir | Settlement |
| 8:11 | Crear | Villager (Male) |
| 8:20 | Crear | Villager (Male) |
| 8:57 | Crear | Fishing Ship |
| 9:15 | Investigar | Feudal Age |
| 9:50 | Crear | Villager (Male) |
| 9:50 | Crear | Villager (Male) |
| 10:00 | Crear | Fishing Ship |
| 10:09 | Crear | Villager (Male) |
| 11:25 | Edad | Edad Feudal |
| 11:28 | Construir | Market |
| 11:31 | Construir | Blacksmith |
| 12:03 | Crear | Villager (Male) |
| 12:34 | Crear | Villager (Male) |
| 12:47 | Investigar | Castle Age |
| 12:47 | Investigar | Castle Age |
| 13:49 | Investigar | Tech 906 |
| 13:58 | Investigar | Double-Bit Axe |
| 14:05 | Crear | Demolition Raft |
| 14:27 | Crear | Demolition Raft |
| 14:35 | Crear | Demolition Raft |
| 14:50 | Construir | House |
| 14:53 | Construir | House |
| 14:54 | Construir | House |
| 14:56 | Construir | House |
| 15:28 | Crear | Villager (Male) |
| 15:45 | Edad | Edad de los Castillos |
| 15:51 | Crear | Transport Ship |
| 15:54 | Investigar | Gillnets |
| 15:55 | Crear | Villager (Male) |
| 15:59 | Investigar | Bow Saw |
| 16:27 | Crear | Villager (Male) |
| 16:33 | Construir | Fish Trap |
| 16:44 | Construir | Settlement |
| 16:45 | Crear | Villager (Male) |
| 17:02 | Construir | Settlement |
| 17:04 | Crear | Villager (Male) |
| 17:15 | Construir | Fish Trap |
| 17:17 | Crear | Villager (Male) |
| 17:29 | Construir | Fish Trap |
| 17:43 | Construir | Fish Trap |
| 17:47 | Crear | Villager (Male) |
| 17:52 | Construir | Fish Trap |
| 18:01 | Crear | Demolition Raft |
| 18:05 | Crear | Fishing Ship |
| 18:06 | Crear | Fishing Ship |
| 18:06 | Crear | Fishing Ship |
| 18:07 | Crear | Villager (Male) |
| 18:24 | Construir | Town Center |
| 18:29 | Crear | Villager (Male) |
| 18:38 | Crear | Fishing Ship |
| 18:53 | Crear | Fishing Ship |
| 18:55 | Construir | Fish Trap |
| 18:56 | Crear | Villager (Male) |
| 18:58 | Construir | Dock |
| 19:04 | Crear | Villager (Male) |
| 19:19 | Crear | Villager (Male) |
| 19:32 | Construir | Fish Trap |
| 19:41 | Crear | Fishing Ship |
| 19:43 | Crear | Fishing Ship |
| 19:43 | Crear | Fishing Ship |
| 19:44 | Crear | Villager (Male) |
| 20:03 | Construir | Monastery |
| 20:05 | Construir | House |
| 20:06 | Construir | House |
| 20:15 | Construir | Fish Trap |
| 20:21 | Crear | Fishing Ship |
| 20:21 | Crear | Villager (Male) |
| 20:26 | Construir | Fish Trap |
| 20:35 | Crear | Villager (Male) |
| 20:44 | Crear | Fishing Ship |
| 20:45 | Crear | Fishing Ship |
| 20:46 | Crear | Villager (Male) |
| 21:02 | Construir | Fish Trap |
| 21:04 | Construir | Fish Trap |
| 21:11 | Crear | Villager (Male) |
| 21:13 | Crear | Villager (Male) |
| 21:16 | Crear | Villager (Male) |
| 21:21 | Construir | Town Center |
| 21:25 | Crear | Villager (Male) |
| 21:27 | Crear | Demolition Raft |
| 21:27 | Crear | Demolition Raft |
| 21:37 | Crear | Fishing Ship |
| 21:37 | Crear | Fishing Ship |
| 21:38 | Crear | Villager (Male) |
| 21:40 | Construir | Fish Trap |
| 21:46 | Construir | Fish Trap |
| 22:03 | Construir | Settlement |
| 22:06 | Crear | Villager (Male) |
| 22:10 | Construir | House |
| 22:11 | Construir | House |
| 22:15 | Investigar | Wheelbarrow |
| 22:23 | Construir | Fish Trap |
| 22:32 | Construir | Fish Trap |
| 22:33 | Crear | Villager (Male) |
| 22:47 | Construir | Settlement |
| 22:57 | Construir | Fish Trap |
| 23:12 | Construir | Dock |
| 23:19 | Crear | Villager (Male) |
| 23:19 | Crear | Villager (Male) |
| 23:19 | Crear | Villager (Male) |
| 23:26 | Construir | Settlement |
| 23:31 | Construir | Settlement |
| 23:32 | Crear | Villager (Male) |
| 23:34 | Construir | House |
| 23:36 | Construir | House |
Build order — oogaboogawherdayat
Primeras 150 de 593 acciones detectadas
| 0:06 | Construir | House |
| 0:07 | Construir | House |
| 0:07 | Investigar | Loom |
| 0:08 | Crear | Villager (Male) |
| 0:08 | Crear | Villager (Male) |
| 0:08 | Crear | Villager (Male) |
| 0:08 | Crear | Villager (Male) |
| 0:09 | Crear | Villager (Male) |
| 1:51 | Crear | Villager (Male) |
| 1:52 | Crear | Villager (Male) |
| 2:12 | Construir | Palisade Wall |
| 2:33 | Crear | Villager (Male) |
| 2:34 | Crear | Villager (Male) |
| 2:49 | Crear | Villager (Male) |
| 3:12 | Construir | House |
| 3:18 | Construir | House |
| 3:21 | Construir | House |
| 3:35 | Crear | Villager (Male) |
| 3:35 | Crear | Villager (Male) |
| 4:08 | Crear | Villager (Male) |
| 4:08 | Crear | Villager (Male) |
| 4:15 | Crear | Villager (Male) |
| 4:43 | Construir | Outpost |
| 4:57 | Crear | Villager (Male) |
| 5:10 | Construir | Mule Cart |
| 5:20 | Crear | Villager (Male) |
| 5:51 | Crear | Villager (Male) |
| 5:54 | Crear | Villager (Male) |
| 6:33 | Crear | Villager (Male) |
| 7:04 | Construir | Dock |
| 7:07 | Construir | Mill |
| 7:17 | Crear | Villager (Male) |
| 7:18 | Crear | Villager (Male) |
| 7:18 | Crear | Villager (Male) |
| 7:47 | Crear | Fishing Ship |
| 7:47 | Crear | Fishing Ship |
| 8:07 | Crear | Villager (Male) |
| 8:19 | Crear | Fishing Ship |
| 8:25 | Crear | Fishing Ship |
| 8:46 | Crear | Villager (Male) |
| 8:46 | Crear | Villager (Male) |
| 9:08 | Crear | Fishing Ship |
| 9:21 | Construir | Mule Cart |
| 9:30 | Construir | House |
| 9:50 | Crear | Villager (Male) |
| 10:16 | Crear | Villager (Male) |
| 10:23 | Crear | Fishing Ship |
| 10:39 | Construir | Mule Cart |
| 10:49 | Investigar | Feudal Age |
| 11:00 | Construir | House |
| 11:01 | Construir | House |
| 11:02 | Construir | House |
| 11:14 | Crear | Fishing Ship |
| 11:54 | Crear | Villager (Male) |
| 12:08 | Crear | Villager (Male) |
| 12:27 | Crear | Fishing Ship |
| 12:55 | Crear | Villager (Male) |
| 12:59 | Edad | Edad Feudal |
| 13:02 | Investigar | Double-Bit Axe |
| 13:17 | Investigar | Wheelbarrow |
| 13:26 | Investigar | Gold Mining |
| 13:52 | Construir | Market |
| 14:04 | Investigar | Town Watch |
| 14:18 | Construir | Fish Trap |
| 14:20 | Crear | Villager (Male) |
| 14:20 | Crear | Villager (Male) |
| 14:40 | Construir | Fish Trap |
| 14:47 | Construir | House |
| 14:51 | Crear | Villager (Male) |
| 15:01 | Construir | Stone Wall |
| 15:03 | Construir | Stone Wall |
| 15:18 | Construir | Fish Trap |
| 15:31 | Investigar | Tech 906 |
| 16:05 | Construir | Blacksmith |
| 16:14 | Crear | Villager (Male) |
| 16:35 | Construir | Fish Trap |
| 16:41 | Construir | Fish Trap |
| 16:58 | Investigar | Castle Age |
| 17:24 | Construir | Fish Trap |
| 17:26 | Construir | Fish Trap |
| 17:34 | Crear | Demolition Raft |
| 17:44 | Crear | Fishing Ship |
| 18:06 | Crear | Demolition Raft |
| 18:10 | Crear | Fishing Ship |
| 18:10 | Crear | Fishing Ship |
| 18:18 | Construir | Mule Cart |
| 18:26 | Construir | House |
| 18:36 | Construir | House |
| 18:41 | Crear | Villager (Male) |
| 18:41 | Crear | Villager (Male) |
| 18:46 | Investigar | Stone Mining |
| 18:47 | Investigar | Stone Mining |
| 19:12 | Construir | Fish Trap |
| 19:20 | Construir | Fish Trap |
| 19:25 | Crear | Villager (Male) |
| 19:25 | Crear | Villager (Male) |
| 19:45 | Investigar | Horse Collar |
| 19:49 | Edad | Edad de los Castillos |
| 19:51 | Investigar | Bow Saw |
| 20:19 | Construir | Castle |
| 20:27 | Investigar | Heavy Plow |
| 20:31 | Construir | Farm |
| 21:04 | Construir | Town Center |
| 21:20 | Crear | Villager (Male) |
| 21:20 | Crear | Villager (Male) |
| 21:25 | Construir | University |
| 21:36 | Construir | Monastery |
| 21:59 | Crear | Villager (Male) |
| 22:00 | Crear | Villager (Male) |
| 22:05 | Construir | Mule Cart |
| 22:23 | Crear | Monk |
| 22:36 | Construir | Farm |
| 22:36 | Construir | Farm |
| 22:38 | Construir | Farm |
| 22:40 | Crear | Villager (Male) |
| 22:40 | Crear | Villager (Male) |
| 22:40 | Crear | Villager (Male) |
| 22:42 | Crear | Villager (Male) |
| 22:42 | Crear | Villager (Male) |
| 22:47 | Construir | Farm |
| 22:53 | Construir | Farm |
| 23:00 | Construir | Farm |
| 23:03 | Construir | Farm |
| 23:07 | Crear | Villager (Male) |
| 23:07 | Crear | Villager (Male) |
| 23:07 | Crear | Villager (Male) |
| 23:08 | Crear | Villager (Male) |
| 23:51 | Construir | Farm |
| 23:53 | Construir | Farm |
| 23:53 | Construir | Farm |
| 23:57 | Crear | Villager (Male) |
| 23:58 | Crear | Villager (Male) |
| 24:02 | Construir | Farm |
| 24:26 | Crear | Villager (Male) |
| 24:26 | Crear | Villager (Male) |
| 24:29 | Construir | Farm |
| 24:35 | Construir | Farm |
| 24:36 | Construir | Farm |
| 24:52 | Construir | Barracks |
| 25:18 | Investigar | Imperial Age |
| 25:21 | Crear | Villager (Male) |
| 25:21 | Crear | Villager (Male) |
| 25:38 | Construir | Town Center |
| 25:45 | Crear | Trade Cart |
| 25:45 | Crear | Trade Cart |
| 25:46 | Crear | Trade Cart |
| 25:48 | Crear | Trade Cart |
| 25:48 | Crear | Trade Cart |
| 26:05 | Crear | Trade Cart |
| 26:09 | Investigar | Caravan |
Cronología de la partida
| 0:17 | Peperine Tea · wall_segment Palisade Wall x14 |
| 0:29 | BSGA. No M!cR0 · wall_segment Palisade Wall x7 |
| 0:31 | BSGA. No M!cR0 · wall_segment Palisade Wall x5 |
| 1:00 | laughingman · wall_segment Palisade Wall x10 |
| 1:02 | nuttingbucks · wall_segment Palisade Wall x9 |
| 1:25 | nuttingbucks · wall_segment Palisade Wall x16 |
| 1:28 | BSGA. No M!cR0 · wall_segment Palisade Wall x3 |
| 1:30 | BSGA. No M!cR0 · wall_segment Palisade Wall x12 |
| 1:55 | BSGA. No M!cR0 · wall_segment Palisade Wall x1 |
| 1:55 | laughingman · wall_segment Palisade Wall x1 |
| 2:06 | nuttingbucks · wall_segment Palisade Wall x10 |
| 2:12 | oogaboogawherdayat · wall_segment Palisade Wall x10 |
| 2:24 | Peperine Tea · wall_segment Palisade Wall x3 |
| 2:27 | Peperine Tea · wall_segment Palisade Wall x7 |
| 2:32 | Peperine Tea · wall_segment Palisade Wall x1 |
| 2:53 | Muadib · wall_segment Palisade Wall x10 |
| 3:13 | nuttingbucks · wall_segment Palisade Wall x13 |
| 3:39 | nuttingbucks · wall_segment Palisade Wall x9 |
| 4:24 | CORP_JuanLan · first_building Dock |
| 5:00 | nuttingbucks · wall_segment Palisade Wall x1 |
| 6:09 | BSGA. Chinball Wizard · wall_segment Palisade Wall x1 |
| 6:15 | BSGA. Chinball Wizard · wall_segment Palisade Wall x1 |
| 6:20 | BSGA. Chinball Wizard · wall_segment Palisade Wall x1 |
| 7:04 | oogaboogawherdayat · first_building Dock |
| 8:38 | Muadib · wall_segment Palisade Wall x14 |
| 9:00 | laughingman · first_building Barracks |
| 10:18 | BSGA. No M!cR0 · first_building Barracks |
| 11:25 | CORP_JuanLan · age_up feudal |
| 12:13 | BSGA. Chinball Wizard · age_up feudal |
| 12:24 | laughingman · age_up feudal |
| 12:35 | laughingman · wall_segment Stone Wall x8 |
| 12:39 | BSGA. No M!cR0 · age_up feudal |
| 12:55 | nuttingbucks · age_up feudal |
| 12:59 | oogaboogawherdayat · age_up feudal |
| 13:01 | nuttingbucks · wall_segment Palisade Wall x10 |
| 13:08 | BSGA. No M!cR0 · wall_segment Stone Wall x9 |
| 13:31 | Muadib · age_up feudal |
| 13:57 | Peperine Tea · age_up feudal |
| 14:13 | BSGA. No M!cR0 · wall_segment Stone Wall x15 |
| 14:32 | Peperine Tea · wall_segment Stone Wall x15 |
| 14:39 | BSGA. No M!cR0 · wall_segment Stone Wall x11 |
| 15:01 | oogaboogawherdayat · wall_segment Stone Wall x8 |
| 15:03 | oogaboogawherdayat · wall_segment Stone Wall x10 |
| 15:07 | BSGA. Chinball Wizard · age_up castle |
| 15:17 | BSGA. Chinball Wizard · first_market_buy 100 wood |
| 15:45 | CORP_JuanLan · age_up castle |
| 15:45 | BSGA. No M!cR0 · wall_segment Stone Wall x1 |
| 16:07 | Muadib · wall_segment Stone Wall x19 |
| 16:07 | laughingman · first_market_buy 100 food |
| 16:29 | oogaboogawherdayat · first_market_buy 100 food |
| 16:37 | Peperine Tea · wall_segment Stone Wall x1 |
| 16:53 | CORP_JuanLan · first_market_buy 100 wood |
| 17:11 | CORP_JuanLan · first_market_sell 100 food |
| 17:43 | Muadib · first_market_buy 100 food |
| 17:44 | Peperine Tea · age_up castle |
| 17:49 | laughingman · wall_segment Stone Wall x3 |
| 17:52 | laughingman · wall_segment Stone Wall x3 |
| 18:32 | Muadib · first_market_sell 100 wood |
| 19:12 | BSGA. Chinball Wizard · first_building Monastery |
| 19:17 | nuttingbucks · wall_segment Stone Wall x12 |
| 19:38 | laughingman · age_up castle |
| 19:38 | nuttingbucks · wall_segment Stone Wall x9 |
| 19:49 | oogaboogawherdayat · age_up castle |
| 19:52 | laughingman · first_building Monastery |
| 19:54 | Peperine Tea · first_market_buy 100 wood |
| 20:03 | CORP_JuanLan · first_building Monastery |
| 20:19 | oogaboogawherdayat · first_building Castle |
| 20:25 | nuttingbucks · age_up castle |
| 20:33 | Muadib · age_up castle |
| 20:48 | BSGA. No M!cR0 · first_building Stable |
| 21:13 | nuttingbucks · first_building Dock |
| 21:27 | Peperine Tea · wall_segment Stone Wall x11 |
| 21:28 | Peperine Tea · wall_segment Stone Wall x7 |
| 21:36 | oogaboogawherdayat · first_building Monastery |
| 22:15 | nuttingbucks · wall_segment Stone Wall x9 |
| 22:37 | BSGA. No M!cR0 · first_market_sell 100 food |
| 22:38 | BSGA. No M!cR0 · first_market_buy 100 stone |
| 22:40 | nuttingbucks · first_building Monastery |
| 23:18 | BSGA. No M!cR0 · age_up castle |
| 24:07 | BSGA. No M!cR0 · first_building Monastery |
| 24:23 | Muadib · first_building Monastery |
| 24:52 | oogaboogawherdayat · first_building Barracks |
| 25:03 | BSGA. Chinball Wizard · first_building Barracks |
| 25:07 | laughingman · first_building Archery Range |
| 25:45 | BSGA. Chinball Wizard · first_building Castle |
| 26:10 | Peperine Tea · first_building Monastery |
| 26:11 | CORP_JuanLan · first_building Castle |
| 26:31 | nuttingbucks · first_building Barracks |
| 27:14 | BSGA. Chinball Wizard · first_building Stable |
| 27:41 | BSGA. No M!cR0 · first_building Siege Workshop |
| 28:02 | nuttingbucks · first_building Stable |
| 28:17 | Peperine Tea · wall_segment Stone Wall x1 |
| 28:18 | Muadib · first_building Barracks |
| 28:25 | Peperine Tea · wall_segment Stone Wall x17 |
| 28:28 | oogaboogawherdayat · age_up imperial |
| 28:29 | Peperine Tea · first_building Siege Workshop |
| 28:37 | laughingman · first_market_sell 500 wood |
| 28:53 | laughingman · first_building Castle |
| 29:05 | oogaboogawherdayat · tribute_sent a jugador 1 |
| 29:05 | oogaboogawherdayat · tribute_sent a jugador 2 |
| 29:05 | oogaboogawherdayat · tribute_sent a jugador 3 |
| 29:05 | oogaboogawherdayat · tribute_sent a jugador 4 |
| 29:05 | oogaboogawherdayat · tribute_sent a jugador 5 |
| 29:05 | oogaboogawherdayat · tribute_sent a jugador 6 |
| 29:05 | oogaboogawherdayat · tribute_sent a jugador 7 |
| 29:23 | laughingman · first_building Siege Workshop |
| 29:26 | CORP_JuanLan · first_building Barracks |
| 30:02 | CORP_JuanLan · first_building Archery Range |
| 30:59 | Muadib · wall_segment Stone Wall x24 |
| 31:04 | BSGA. Chinball Wizard · age_up imperial |
| 31:08 | BSGA. Chinball Wizard · first_market_sell 500 wood |
| 31:09 | CORP_JuanLan · first_building Siege Workshop |
| 31:30 | laughingman · wall_segment Stone Wall x1 |
| 31:55 | oogaboogawherdayat · first_building Siege Workshop |
| 31:56 | Peperine Tea · first_building Castle |
| 31:59 | laughingman · age_up imperial |
| 32:21 | nuttingbucks · first_building Castle |
| 32:31 | Muadib · first_building Castle |
| 32:35 | Peperine Tea · age_up imperial |
| 32:46 | Muadib · wall_segment Stone Wall x12 |
| 33:24 | Peperine Tea · wall_segment Stone Wall x4 |
| 33:25 | Peperine Tea · wall_segment Stone Wall x3 |
| 33:31 | Peperine Tea · wall_segment Stone Wall x8 |
| 33:33 | Peperine Tea · wall_segment Stone Wall x5 |
| 33:49 | BSGA. No M!cR0 · first_building Castle |
| 33:58 | nuttingbucks · first_market_sell 100 wood |
| 34:12 | Peperine Tea · wall_segment Stone Wall x19 |
| 34:16 | Peperine Tea · wall_segment Stone Wall x9 |
| 34:49 | BSGA. Chinball Wizard · first_building Siege Workshop |
| 34:55 | BSGA. No M!cR0 · age_up imperial |
| 35:17 | CORP_JuanLan · age_up imperial |
| 36:38 | Muadib · age_up imperial |
| 37:13 | nuttingbucks · age_up imperial |
| 37:28 | Peperine Tea · wall_segment Stone Wall x1 |
| 37:31 | Peperine Tea · wall_segment Stone Wall x1 |
| 37:38 | CORP_JuanLan · tribute_sent a jugador 1 |
| 37:38 | CORP_JuanLan · tribute_sent a jugador 2 |
| 37:38 | CORP_JuanLan · tribute_sent a jugador 3 |
| 37:38 | CORP_JuanLan · tribute_sent a jugador 4 |
| 37:38 | CORP_JuanLan · tribute_sent a jugador 5 |
| 37:38 | CORP_JuanLan · tribute_sent a jugador 6 |
| 37:38 | CORP_JuanLan · tribute_sent a jugador 8 |
| 39:36 | CORP_JuanLan · tribute_sent a jugador 1 |
| 39:36 | CORP_JuanLan · tribute_sent a jugador 2 |
| 39:36 | CORP_JuanLan · tribute_sent a jugador 3 |
| 39:36 | CORP_JuanLan · tribute_sent a jugador 4 |
| 39:36 | CORP_JuanLan · tribute_sent a jugador 5 |
| 39:36 | CORP_JuanLan · tribute_sent a jugador 6 |
| 39:36 | CORP_JuanLan · tribute_sent a jugador 8 |
| 40:56 | Peperine Tea · first_building Barracks |
| 40:57 | CORP_JuanLan · tribute_sent a jugador 1 |
| 40:57 | CORP_JuanLan · tribute_sent a jugador 2 |
| 40:57 | CORP_JuanLan · tribute_sent a jugador 3 |
| 40:57 | CORP_JuanLan · tribute_sent a jugador 4 |
| 40:57 | CORP_JuanLan · tribute_sent a jugador 5 |
| 40:57 | CORP_JuanLan · tribute_sent a jugador 6 |
| 40:57 | CORP_JuanLan · tribute_sent a jugador 8 |
| 42:56 | oogaboogawherdayat · first_building Stable |
| 43:25 | oogaboogawherdayat · tribute_sent a jugador 1 |
| 43:25 | oogaboogawherdayat · tribute_sent a jugador 2 |
| 43:25 | oogaboogawherdayat · tribute_sent a jugador 3 |
| 43:25 | oogaboogawherdayat · tribute_sent a jugador 4 |
| 43:25 | oogaboogawherdayat · tribute_sent a jugador 5 |
| 43:25 | oogaboogawherdayat · tribute_sent a jugador 6 |
| 43:25 | oogaboogawherdayat · tribute_sent a jugador 7 |
| 43:29 | oogaboogawherdayat · first_market_sell 100 food |
| 43:36 | CORP_JuanLan · tribute_sent a jugador 1 |
| 43:36 | CORP_JuanLan · tribute_sent a jugador 2 |
| 43:36 | CORP_JuanLan · tribute_sent a jugador 3 |
| 43:36 | CORP_JuanLan · tribute_sent a jugador 4 |
| 43:36 | CORP_JuanLan · tribute_sent a jugador 5 |
| 43:36 | CORP_JuanLan · tribute_sent a jugador 6 |
| 43:36 | CORP_JuanLan · tribute_sent a jugador 8 |
| 45:53 | Peperine Tea · wall_segment Stone Wall x9 |
| 46:17 | Peperine Tea · first_market_sell 500 wood |
| 46:38 | CORP_JuanLan · wall_segment Stone Wall x12 |
| 49:07 | CORP_JuanLan · wall_segment Stone Wall x8 |
| 49:15 | CORP_JuanLan · wall_segment Stone Wall x8 |
| 49:48 | CORP_JuanLan · tribute_sent a jugador 1 |
| 49:48 | CORP_JuanLan · tribute_sent a jugador 2 |
| 49:48 | CORP_JuanLan · tribute_sent a jugador 3 |
| 49:48 | CORP_JuanLan · tribute_sent a jugador 4 |
| 49:48 | CORP_JuanLan · tribute_sent a jugador 5 |
| 49:48 | CORP_JuanLan · tribute_sent a jugador 6 |
| 49:48 | CORP_JuanLan · tribute_sent a jugador 8 |
| 51:01 | Peperine Tea · wall_segment Stone Wall x1 |
| 52:28 | nuttingbucks · first_building Siege Workshop |
| 52:38 | CORP_JuanLan · tribute_sent a jugador 1 |
| 52:38 | CORP_JuanLan · tribute_sent a jugador 2 |
| 52:38 | CORP_JuanLan · tribute_sent a jugador 3 |
| 52:38 | CORP_JuanLan · tribute_sent a jugador 4 |
| 52:38 | CORP_JuanLan · tribute_sent a jugador 5 |
| 52:38 | CORP_JuanLan · tribute_sent a jugador 6 |
| 52:38 | CORP_JuanLan · tribute_sent a jugador 8 |
| 53:35 | nuttingbucks · first_market_buy 100 food |
| 54:38 | CORP_JuanLan · resign |
[ ANÁLISIS IA · 1 CRÉDITO ]
¿Qué pasó realmente en esta partida?
Wolo.gg analiza cada decisión: build order, eco, micro, errores típicos por bracket. Análisis personalizado por WhatsApp o Discord en 30 segundos.
Guía civ
Eslavos
Perfil
Jugador #7906406